 Dungeon Crawl Stone Soup version 0.20.1-1-g8b1a95d (webtiles) character file.

30 Irenicus the Insei (level 3, -5/26 HPs)
             Began as an Octopode Chaos Knight on Oct 13, 2017.
             Slain by a gnoll
             ... wielding a +0 flail
              (6 damage)
             ... on level 2 of the Dungeon.
             The game lasted 00:01:25 (541 turns).

Irenicus the Insei (Octopode Chaos Knight)           Turns: 541, Time: 00:01:26

Health: -5/26      AC:  1    Str: 11    XL:     3   Next: 18%
Magic:  3/3        EV:  7    Int: 14    God:    Xom [..*...]
Gold:   35         SH:  0    Dex: 12    Spells: 2/2 levels left

rFire    . . .     SeeInvis .     - Unarmed
rCold    . . .     Gourm    .   (no shield)
rNeg     . . .     Faith    .   (helmet restricted)
rPois    .         Spirit   .   (no amulet)
rElec    .         Reflect  .   i - ring of stealth
rCorr    .         Harm     .   (no ring)
MR       .....                  (no ring)
Stlth    +++.......             (no ring)
Regen    0.1/turn               (no ring)
MPRegen  0.1/turn               (no ring)
                                (no ring)
                                (no ring)

@: held
A: almost no armour, stealthy swim, amphibious, 8 rings, constrict 8, camouflage
1, gelatinous body 1
a: Renounce Religion


You were on level 2 of the Dungeon.
You worshipped Xom.
You were a toy of Xom.
You were not hungry.

You visited 1 branch of the dungeon, and saw 2 of its levels.

You collected 35 gold pieces.

Inventory:

Jewellery
 i - a ring of stealth (left tentacle)
Scrolls
 c - a scroll of recharging {unknown}
 d - a scroll of enchant weapon {unknown}
 j - a scroll of identify {unknown}
 k - a scroll of immolation {unknown}
Potions
 b - a potion of curing {unknown}
 e - a potion of mutation {unknown}
 g - a potion of brilliance {unknown}
 h - a potion of magic {unknown}
Comestibles
 a - 2 bread rations
 f - a royal jelly
 l - 2 chunks of flesh


   Skills:
 - Level 3.0 Fighting
 - Level 2.3 Dodging
 + Level 0.4 Stealth
 + Level 4.2 Unarmed Combat


You had 2 spell levels left.
You didn't know any spells.

Dungeon Overview and Level Annotations

Branches:
Dungeon (2/15)

Altars:


Innate Abilities, Weirdness & Mutations

You cannot wear most types of armour.
You are very stealthy in the water. (Stealth+)
You are amphibious.
You can wear up to eight rings at the same time.
You can use your tentacles to constrict eight enemies at once.
Your skin changes colour to match your surroundings (Stealth+).
Your rubbery body absorbs attacks. (AC +1, EV +1)


Message History

A kobold comes into view. It is wielding a dagger.
You see here 3 scrolls labeled BEICLY VEMA.
A gnoll comes into view. It is wielding a spear.
The kobold shouts!
The gnoll shouts! x2
The gnoll hits you with a flail. The gnoll misses you.
The gnoll throws a throwing net.
The throwing net hits you.
You become entangled in the net!
Found 12 stones.
Things that are here:
a throwing net; an orange potion You struggle against the net.
The gnoll barely misses you. x2
You struggle against the net.
The kobold throws a stone.
The stone hits you but does no damage.
You struggle against the net.
The gnoll hits you with a flail! x2
* * * LOW HITPOINT WARNING * * *
The gnoll hits you from afar with a spear.
* * * LOW HITPOINT WARNING * * *
You struggle against the net.
The gnoll hits you with a flail.
You die...
Xom cackles wildly!

## .# ..K .# .# #.. ..#
.# #.# K.# ##.#...
#####.##..# ... ... .
.........# #..
...#.#.###..Kg..# #.#
#.#.# #....g@..# #.#
#.#..#.####?#..# #.#
#.#.#.# #.#g(#
#.###.#.#.# #.#..#
.#.##.#.#.#####†#..###
###....................
.#.####.#######.#.#####
..## #.# #.#.# ### #.#
#.# #


You could see 3 gnolls and 2 kobolds.

Vanquished Creatures
  2 dart slugs (D:1)
  2 leopard geckos (D:1)
  4 hobgoblins
  4 jackals (D:1)
  4 bats (D:1)
  2 frilled lizards
  2 kobolds
  3 rats
23 creatures vanquished.

Notes
Turn   | Place    | Note
-------+----------+-------------------------------------------
     0 | D:1      | Irenicus the Octopode Chaos Knight began the quest for the Orb.
     0 | D:1      | Reached XP level 1. HP: 16/16 MP: 1/1
    90 | D:1      | Reached XP level 2. HP: 12/21 MP: 2/2
   149 | D:1      | XOM: harmless Chrm miscast
   177 | D:1      | XOM: divination: magic mapping
   275 | D:1      | Reached skill level 4 in Unarmed Combat
   277 | D:1      | XOM: harmless Summ miscast
   294 | D:1      | Reached XP level 3. HP: 17/26 MP: 3/3
   431 | D:1      | XOM: medium Tmut miscast
   540 | D:2      | HP: 1/26 [gnoll/spear (1)]
   541 | D:2      | Slain by a gnoll

Skill      XL: |  1  2 |
---------------+-------+-----
Unarmed Combat | 4 |  4.2
Fighting       | |  3.0
Dodging        | |  2.3
Stealth        | |  0.4

Action                   || total
-------------------------++-------
Melee: Unarmed           ||    56
       Constrict         ||    14
       Tentacles         ||     9
       Punch             ||     2
 Stab: Sleeping          ||     3
Armor: Skin              ||     6
Dodge: Dodged            ||    43
